 Dungeon Crawl Stone Soup version 0.28-a0-728-g0181a31188 (webtiles) character file.

Game seed: 15941572673335629768

81 DungeonMaster the Covered (level 4, -1/33 HPs)
             Began as a Demonspawn Wanderer on Oct 28, 2021.
             Killed by nerve-wracking pain
             ... invoked by a shadow imp
             ... summoned by Natasha
              (14 damage)
             ... on level 2 of the Dungeon.
             The game lasted 00:03:34 (2920 turns).

DungeonMaster the Covered (Demonspawn Wanderer)     Turns: 2920, Time: 00:03:34

Health: -1/33      AC:  5    Str: 13    XL:     4   Next: 19%
Magic:  4/4        EV: 11    Int: 13    God:
Gold:   55         SH:  4    Dex: 13    Spells: 3/3 levels left

rFire   . . .      SeeInvis +   s - +0 dagger (venom)
rCold   . . .      Faith    .   (no shield)
rNeg    . . .      Spirit   .   m - +0 ring mail
rPois   .          Reflect  .   (helmet restricted)
rElec   .          Harm     .   (no cloak)
rCorr   .          Rampage  .   (no gloves)
Will    .....                   (no boots)
Stlth   +.........              (no amulet)
HPRegen 0.11/turn               l - ring of see invisible
MPRegen 0.09/turn               q - ring of wizardry

@: attractive
A: horns 1, condensation shield
a: no special abilities


You were on level 2 of the Dungeon.
You visited 1 branch of the dungeon, and saw 3 of its levels.

You collected 55 gold pieces.

Inventory:

Hand Weapons
 a - a +2 dagger
 h - a +0 rapier
 s - a +0 dagger of venom (weapon)
Missiles
 b - 3 curare-tipped darts (quivered)
 f - 46 sling bullets
 g - 29 arrows
 j - 27 stones
Armour
 m - a +0 ring mail (worn)
Jewellery
 l - a ring of see invisible (left hand)
 q - a ring of wizardry (right hand)
Scrolls
 n - a scroll of teleportation {unknown}
 o - a scroll of magic mapping
 p - a scroll of amnesia {unknown}
Potions
 d - a potion of lignification
 i - a potion of cancellation {unknown}
 k - a potion of curing {unknown}


   Skills:
 * Level 2.2 Fighting
 - Level 1.7 Long Blades
 - Level 1.7 Maces & Flails
 - Level 1.0 Throwing
 * Level 3.1 Armour
 * Level 2.4 Dodging
 - Level 1.0 Stealth


You had 3 spell levels left.
You didn't know any spells.
Your spell library was empty.

Dungeon Overview and Level Annotations

Branches:
Dungeon (3/15)

Altars:

Annotations:
D:2 Natasha


Innate Abilities, Weirdness & Mutations

You have a pair of small horns on your head.
A meltable shield of frost defends you. (SH +4)


Message History

Found a faded altar of an unknown god.
c - a viscous green potion
There is a faded altar of an unknown god here.
f - 46 sling bullets (gained 26)
You open the door.
There is an open door here.
Natasha, Servant of Life and Death comes into view.
Natasha hisses angrily.
Natasha casts a spell at you. The magic dart hits you.
Natasha casts a spell.
The shadow imp shouts, "Run away, thou baffled fool-born blabberskite!"
There is a stone staircase leading down here.
You aren't carrying any items that you can evoke.
Unknown command.
You climb downwards.
The kobold shouts!
Found a book of Changes and a leather armour.
There is a stone staircase leading up here.
The kobold hits you with a +0 short sword.
You climb upwards.
Level annotation: Natasha Natasha casts a spell at you.
The magic dart hits you.
There is a stone staircase leading down here.
The kobold hits you with a +0 short sword.
The shadow imp gestures at you. Pain shoots through your body!
The kobold throws a poisoned dart.
The poisoned dart barely misses you.
There is an open door here.
Natasha mumbles some strange words.
You aren't carrying any items that you can evoke.
Unknown command.
It was a potion of magic.
Magic courses through your body.
Natasha casts a spell.
It was a potion of attraction.
You feel attractive to monsters. The shadow imp gestures at you.
Pain shoots through your body!
You die...

..<# ##.........# #.#
†..# ##...######## #.#
## ...# ###...###'##
#.###. ...#
#....##....######.#...
...#
#...##..............#.
...#
#..##......######.....
#### #.###.######
###... # #.....#
##########+#. #
#####@# #...........#
##### #5#
#...........+ #...#
#K# #...........#
#...#
##h####...........#
#...#
#5...##...........#
'...+
#.5..##############
#...#### #....# #
.......# #....# #
.......# #...># #


You could see Natasha, 3 shadow imps and a kobold.

Vanquished Creatures
  Natasha (D:2)
  An adder (D:2)
  A worm (D:2)
  3 dart slugs
  2 bats (D:2)
  4 endoplasms
  A giant cockroach (D:1)
  6 goblins
  3 hobgoblins
  4 quokkas
  3 ball pythons
  3 frilled lizards
  2 kobolds
  3 rats (D:1)
37 creatures vanquished.

Notes
Turn   | Place    | Note
-------+----------+-------------------------------------------
     0 | D:1      | DungeonMaster the Demonspawn Wanderer began the quest for
                  | the Orb.
     0 | D:1      | DungeonMaster set off with the following items: a +2
                  | dagger, 3 curare-tipped darts, a +0 falchion, a potion of
                  | lignification, a +0 robe
     0 | D:1      | Reached XP level 1. HP: 13/13 MP: 1/1
   486 | D:1      | Reached skill level 1 in Fighting
   492 | D:1      | Gained mutation: You have a pair of small horns on your
                  | head. [demonic ancestry]
   492 | D:1      | Reached XP level 2. HP: 13/21 MP: 2/2
  1637 | D:2      | Reached XP level 3. HP: 27/27 MP: 3/3
  2584 | D:2      | Noticed Natasha
  2590 | D:2      | Killed Natasha
  2591 | D:2      | Reached skill level 3 in Armour
  2591 | D:2      | Gained mutation: A meltable shield of frost defends you.
                  | (SH +4) [demonic ancestry]
  2591 | D:2      | Reached XP level 4. HP: 33/33 MP: 4/4
  2841 | D:2      | Found a faded altar of an unknown god.
  2902 | D:2      | Noticed Natasha
  2920 | D:2      | Killed from afar by a shadow imp

Illustrated notes

Levels and vault maps discovered:
D:1:      scummos_arrival_hexagon, layout_basic, minmay_misc_feat_ornament,
          grunt_decor_junction
D:2:      layout_basic, hellmonk_ecumenical_altar_crossroads,
          grunt_decor_clamped, chequers_serial_rivers_micro_b, kennysheep_donut,
          minmay_misc_feat_columns, uniq_natasha
D:3:      layout_loops_cross

Skill      XL: |  1  2  3 |
---------------+----------+-----
Fighting       | 1 2 |  2.2
Dodging        | 2 |  2.4
Armour         | 3 |  3.1
Long Blades    | |  1.7
Maces & Flails | |  1.7
Throwing       | |  1.0
Stealth        | |  1.0

Action                   |  1- 3 |  4- 6 || total
-------------------------+-------+-------++-------
Melee: Dagger            |   112 |    10 ||   122
       Headbutt          |    17 |     2 ||    19
Throw: Dart              |     2 |       ||     2
  Use: Scroll            |     1 |       ||     1
       Potion            |       |     2 ||     2
 Stab: Sleeping          |     2 |       ||     2
Armor: Robe              |     2 |       ||     2
       Ring mail         |    13 |     5 ||    18
Dodge: Dodged            |    49 |     6 ||    55

Table legend: (Time is in decaauts)
 A = Elapsed time spent in this place.
 B = Non-inter-level travel time spent in this place.
 C = Inter-level travel time spent in this place.
 D = Time resting spent in this place.
 E = Time spent auto-exploring this place.
 F = Levels seen in this place.
 G = Mean time per level.
                   A        B        C        D        E       F      G
               +--------+--------+--------+--------+--------+-----+--------+
         Total |   2913 |   2890 |     23 |    563 |   2030 |   3 |  971.0 |
       Dungeon |   2913 |   2890 |     23 |    563 |   2030 |   3 |  971.0 |
               +--------+--------+--------+--------+--------+-----+--------+

Top non-repeatable levels by time:
     D:1: 1625 daAuts
     D:2: 1286 daAuts
     D:3: 1 daAuts
